 Dungeon Crawl Stone Soup version 0.26.0-10-g1f06aea511 (webtiles) character file.

Game seed: 2895466939913432724

2200 vatarom the Protected (level 9, -2/69 HPs)
             Began as a Gnoll Wanderer on Jan 21, 2021.
             Was a Priest of Cheibriados.
             Slain by a bone dragon (7 damage)
             ... on level 1 of the Abyss.
             The game lasted 00:11:36 (7675 turns).

vatarom the Protected (Gnoll Wanderer)              Turns: 7675, Time: 00:11:37

Health: -2/69      AC: 13    Str: 23    XL:     9   Next: 34%
Magic:  7/15       EV: 14    Int: 26    God:    Cheibriados [***...]
Gold:   355        SH:  5    Dex: 22    Spells: 16/16 levels left

rFire    . . .     SeeInvis .   b - +0 halberd
rCold    . . .     Faith    .   (shield currently unavailable)
rNeg     + . .     Spirit   .   D - +2 ring mail {Will+}
rPois    .         Reflect  +   x - +1 helmet
rElec    .         Harm     .   (no cloak)
rCorr    .         Rampage  .   u - +0 pair of gloves
Will     +....                  (no boots)
Stlth    ++........             h - amulet of reflection
HPRegen  0.21/turn              n - ring of positive energy
MPRegen  0.14/turn              (no ring)

@: very slow
A: distributed training, fangs 1, strong nose
a: Renounce Religion, Bend Time, Temporal Distortion


You were on level 1 of the Abyss.
You worshipped Cheibriados.
Cheibriados was most pleased with you.
You visited 2 branches of the dungeon, and saw 8 of its levels.
You visited the Abyss 1 time.

You collected 355 gold pieces.

Inventory:

Hand Weapons
 a - a +2 hand crossbow
 b - a +0 halberd (weapon)
 t - a +0 whip
Missiles
 p - a throwing net (quivered) {!f}
Armour
 e - a +0 robe
 q - a +0 buckler
 u - a +0 pair of gloves (worn)
 x - a +1 helmet (worn)
 D - a +2 ring mail of willpower (worn)
Jewellery
 h - an amulet of reflection (around neck)
 n - a ring of positive energy (left hand)
Wands
 c - a wand of acid (2) {@v2}
 y - a wand of polymorph (9)
Scrolls
 d - 2 scrolls of immolation
 i - 2 scrolls of fear
 j - 2 scrolls of remove curse {@r2}
 l - 2 scrolls of fog
Potions
 f - a potion of magic {unknown}
 k - 2 potions of degeneration
 s - 2 potions of lignification {unknown}
 v - a potion of brilliance {unknown}
 w - a potion of curing {@q1}
 z - a potion of might {unknown}
 A - a potion of experience {unknown}


   Skills:
 + Level 6.2 Fighting
 + Level 4.1 Short Blades
 + Level 4.1 Long Blades
 + Level 4.1 Axes
 + Level 4.1 Maces & Flails
 + Level 4.1 Polearms
 + Level 4.1 Staves
 + Level 4.1 Slings
 + Level 4.1 Bows
 + Level 5.0 Crossbows
 + Level 4.1 Throwing
 + Level 11.1 Armour
 + Level 4.1 Dodging
 + Level 4.1 Stealth
 + Level 5.0 Shields
 + Level 4.1 Unarmed Combat
 + Level 4.1 Spellcasting
 + Level 3.4 Conjurations
 + Level 3.4 Hexes
 + Level 3.4 Summonings
 + Level 3.4 Necromancy
 + Level 3.4 Translocations
 + Level 3.4 Transmutations
 + Level 3.4 Fire Magic
 + Level 3.4 Ice Magic
 + Level 3.4 Air Magic
 + Level 3.4 Earth Magic
 + Level 3.4 Poison Magic
 + Level 4.5 Invocations
 + Level 5.0 Evocations


You had 16 spell levels left.
You didn't know any spells.
Your spell library contained the following spells:

 Spells                   Type           Power        Failure   Level
 Corona                   Hex            25%          3%          1
 Magic Dart               Conj           92%          3%          1
 Ensorcelled Hibernation  Hex/Ice        46%          4%          2
 Searing Ray              Conj           46%          4%          2
 Confusing Touch          Hex            23%          9%          3
 Conjure Flame            Conj/Fire      23%          9%          3
 Dazzling Flash           Conj/Hex       46%          9%          3
 Ignite Poison            Fire/Tmut/Pois 23%          9%          3
 Inner Flame              Hex/Fire       23%          9%          3
 Tukima's Dance           Hex            23%          9%          3
 Fulminant Prism          Conj/Hex       11%          28%         4
 Iskenderun's Mystic Bla  Conj/Tloc      23%          28%         4
 Summon Mana Viper        Hex/Summ       23%          63%         5
 Starburst                Conj/Fire      11%          99%         6


Dungeon Overview and Level Annotations

Branches:
Dungeon (7/15)             Temple (1/1) D:4

Altars:
Ashenzari
Cheibriados
Dithmenos
Elyvilon
Fedhas
Hepliaklqana
Kikubaaqudgha
Makhleb
Nemelex Xobeh
Okawaru
Qazlal
Ru
Sif Muna
Trog
Uskayaw
Wu Jian
Xom
Yredelemnul
Zin
Lugonu

Annotations:
D:6 Maggie
D:7 Joseph


Innate Abilities, Weirdness & Mutations

Your experience applies equally to all skills.
You have very sharp teeth.
Your uncanny sense of smell can sniff out nearby items.


Message History

Cheibriados lowers the support of your attributes as your movement quickens.
The bone dragon bites you!
The bone dragon claws you but does no damage.
The bone dragon closely misses you. The flow of time bends around you.
The bone dragon resists with some effort.
You block the bone dragon's attack. x2; The bone dragon tramples you!
You stumble backwards!
The bone dragon bites you but does no damage.
The bone dragon misses you. The bone dragon tramples you.
You stumble backwards!
The flow of time bends around you.
The bone dragon easily resists.
The bone dragon bites you!! The bone dragon barely misses you.
The bone dragon closely misses you.
Okay, then.
As you read the scroll of fog, it crumbles to dust.
The scroll dissolves into smoke.
The bone dragon bites you!
* * * LOW HITPOINT WARNING * * *
The bone dragon claws you!
You die...

###. ...# .# #
#... .. #.#... ##
.# #..#.##. #
###.# ≈≈ #.§.#§##
.#.#.≈≈ ≈≈
#§§§§.###.... #.#
#.§@D..#..##D...#
######....# ..#
######.. #(...# #
#...#.##.# .. #
#####.# #...#..#
## ........ ...
#.. #####.#
##.#.#. #.#
.#.#.. #.# #..# .


You could see a bone dragon.

Vanquished Creatures
  Harold (D:7)
  Menkaure (D:6)
  2 centaurs (D:6)
  An ice beast (D:6)
  2 ogres
  2 bullfrogs
  A scorpion (D:5)
  A quasit (D:6)
  A bullfrog zombie (D:6)
  4 hounds
  An orc priest (D:5)
  A jelly (D:6)
  2 gnoll shamans (D:5)
  A bullfrog skeleton (D:4)
  An iguana (D:6)
  2 orc wizards
  3 worker ants
  A worker ant zombie (D:5)
  13 gnolls
  5 adders
  A shadow imp (D:5)
  A white imp (D:7)
  An ufetubus (D:5)
  An ooze (D:4)
  An adder skeleton (D:3)
  4 worms
  3 dart slugs
  2 leopard geckos
  11 orcs
  10 giant cockroaches
  6 goblins
  6 hobgoblins (D:1)
  5 jackals
  7 kobolds
  5 quokkas
  2 ball pythons
  5 bats
  9 frilled lizards
  A jackal zombie (D:5)
  A leopard gecko skeleton (D:7)
  A leopard gecko zombie (D:5)
  5 rats
134 creatures vanquished.

Notes
Turn   | Place    | Note
-------+----------+-------------------------------------------
     0 | D:1      | Reached skill level 10 in Armour
     0 | D:1      | vatarom the Gnoll Wanderer began the quest for the Orb.
     0 | D:1      | vatarom set off with the following items: a +2 hand
                  | crossbow, 21 bolts, a scroll of teleportation {@r3}, a
                  | potion of curing {@q1}, a +0 robe
     0 | D:1      | Reached XP level 1. HP: 20/20 MP: 1/1
    59 | D:1      | Reached XP level 2. HP: 26/26 MP: 2/2
   550 | D:2      | Reached XP level 3. HP: 31/31 MP: 3/3
   601 | D:2      | Reached skill level 1 in Invocations
   661 | D:2      | Reached skill level 1 in Short Blades
   661 | D:2      | Reached skill level 1 in Long Blades
   661 | D:2      | Reached skill level 1 in Axes
   661 | D:2      | Reached skill level 1 in Maces & Flails
   661 | D:2      | Reached skill level 1 in Polearms
   661 | D:2      | Reached skill level 1 in Staves
   661 | D:2      | Reached skill level 1 in Slings
   661 | D:2      | Reached skill level 1 in Bows
   661 | D:2      | Reached skill level 1 in Throwing
   661 | D:2      | Reached skill level 1 in Dodging
   661 | D:2      | Reached skill level 1 in Stealth
   661 | D:2      | Reached skill level 1 in Unarmed Combat
   661 | D:2      | Reached skill level 1 in Spellcasting
   739 | D:2      | Found a snail-covered altar of Cheibriados.
   799 | D:2      | Became a worshipper of Cheibriados the Contemplative
   899 | D:2      | Found a faded altar of an unknown god.
   967 | D:2      | Reached XP level 4. HP: 27/38 MP: 5/5
  1195 | D:2      | Found a broken altar of Ashenzari.
  1499 | D:3      | Reached skill level 1 in Conjurations
  1499 | D:3      | Reached skill level 1 in Hexes
  1499 | D:3      | Reached skill level 1 in Summonings
  1499 | D:3      | Reached skill level 1 in Necromancy
  1499 | D:3      | Reached skill level 1 in Translocations
  1499 | D:3      | Reached skill level 1 in Transmutations
  1499 | D:3      | Reached skill level 1 in Fire Magic
  1499 | D:3      | Reached skill level 1 in Ice Magic
  1499 | D:3      | Reached skill level 1 in Air Magic
  1499 | D:3      | Reached skill level 1 in Earth Magic
  1499 | D:3      | Reached skill level 1 in Poison Magic
  1529 | D:3      | Reached * piety under Cheibriados
  1745 | D:3      | Reached XP level 5. HP: 43/43 MP: 6/6
  1796 | D:3      | Found an ornate altar of the Wu Jian Council.
  1796 | D:3      | Found a shadowy altar of Dithmenos.
  1796 | D:3      | Found a glowing silver altar of Zin.
  1823 | D:3      | Found a shimmering blue altar of Sif Muna.
  1906 | D:3      | Found a hazy altar of Hepliaklqana.
  2110 | D:3      | Found a sacrificial altar of Ru.
  2338 | D:4      | Found a white marble altar of Elyvilon.
  2454 | D:4      | Found a staircase to the Ecumenical Temple.
  2459 | Temple   | Entered the Ecumenical Temple
  2846 | D:4      | You fall into a shaft and drop 2 floors!
  2852 | D:5      | Entered Level 5 of the Dungeon
  2859 | D:5      | Reached ** piety under Cheibriados
  2871 | D:5      | Reached XP level 6. HP: 16/50 MP: 8/8
  3119 | D:5      | Reached skill level 5 in Fighting
  3233 | D:5      | Reached XP level 7. HP: 15/56 MP: 10/10
  4671 | D:5      | Found an iron altar of Okawaru.
  4929 | D:6      | Reached *** piety under Cheibriados
  5171 | D:6      | Got a crude ring mail
  5182 | D:6      | Identified the cursed +1 ring mail of the Orb Guardian
                  | {rElec rPois rF- rC+ Str+2} (You found it on level 6 of the
                  | Dungeon)
  5272 | D:6      | Noticed Menkaure
  5277 | D:6      | Killed Menkaure
  5278 | D:6      | Reached XP level 8. HP: 45/63 MP: 12/12
  6096 | D:7      | Noticed Maggie
  6548 | D:7      | Noticed Joseph
  6590 | D:7      | Noticed Harold
  6635 | D:7      | Reached **** piety under Cheibriados
  6666 | D:7      | Killed Harold
  6667 | D:7      | Reached skill level 11 in Armour
  6667 | D:7      | Reached XP level 9. HP: 33/69 MP: 9/15
  7093 | D:6      | Reached skill level 5 in Crossbows
  7093 | D:6      | Reached skill level 5 in Shields
  7093 | D:6      | Reached skill level 5 in Evocations
  7358 | D:6      | Paralysed by Maggie for 4 turns
  7359 | D:6      | Cast into level 1 of the Abyss (Maggie)
  7478 | Abyss:1  | Noticed a bone dragon
  7484 | Abyss:1  | Identified Nats's Compendium of Supportive Heat
  7665 | Abyss:1  | Noticed a bone dragon
  7675 | Abyss:1  | Slain by a bone dragon

Illustrated notes

Levels and vault maps discovered:
D:1:      dpeg_arrival_water_temple_mockup, layout_rooms, serial_forest,
          infiniplex_forest_clump_cross, infiniplex_forest_straight_2,
          infiniplex_forest_lined_corner, infiniplex_forest_zigzag_2,
          infiniplex_forest_lined_2, grunt_decor_junction
D:2:      layout_basic, marbit_many_paths, ashenzari_conservatory_becter,
          chequers_ecumenical_altar_simple_redux
D:3:      layout_rooms, nzn_hepliaklqana_mist_gate,
          gammafunk_temple_overflow_forgotten, overflow_temple_1_default,
          chequers_serial_rivers_small_b, nicolae_ru_the_path_less_chosen
D:4:      layout_layer_cave, elyvilon_altar_3, minmay_temple_entry_offerings
D:5:      layout_loops_ring, kennysheep_little_box, kennysheep_doodads,
          st_stairs_2
D:6:      layout_loops_corners, minmay_misc_feat_alley,
          chequers_serial_rivers_room_b, uniq_menkaure
D:7:      layout_cave_pools, general_overflow_altar,
          nicolae_overflow_hidden_temple, basic_altar, serial_gnoll_camp,
          gnoll_camp_huts_moat, gnoll_camp_mini_basic,
          gnoll_camp_mini_loothouse, gnoll_camp_mini_hut,
          gnoll_camp_mini_doghouse, serial_shops, nicolae_shop_behind_doors,
          minmay_manual_mullet, uniq_joseph, uniq_maggie,
          uniq_crazy_yiuf_cottage, uniq_harold
Temple:   corrupted_temple
Abyss:1:  base: D:2, hangedman_elemental_corridor, hangedman_abyss_exit_choices

Skill      XL: |  1  2  3  4  5  6  7  8  9 |
---------------+----------------------------+-----
Armour         | 11 | 11.1
Invocations    | 1 2 3 4 |  4.5
Short Blades   | 1 2 4 |  4.1
Long Blades    | 1 2 4 |  4.1
Axes           | 1 2 4 |  4.1
Maces & Flails | 1 2 4 |  4.1
Polearms       | 1 2 4 |  4.1
Staves         | 1 2 4 |  4.1
Slings         | 1 2 4 |  4.1
Bows           | 1 2 4 |  4.1
Throwing       | 1 2 4 |  4.1
Dodging        | 1 2 4 |  4.1
Stealth        | 1 2 4 |  4.1
Unarmed Combat | 1 2 4 |  4.1
Spellcasting   | 1 2 4 |  4.1
Conjurations   | 1 2 3 |  3.4
Hexes          | 1 2 3 |  3.4
Summonings     | 1 2 3 |  3.4
Necromancy     | 1 2 3 |  3.4
Translocations | 1 2 3 |  3.4
Transmutations | 1 2 3 |  3.4
Fire Magic     | 1 2 3 |  3.4
Ice Magic      | 1 2 3 |  3.4
Air Magic      | 1 2 3 |  3.4
Earth Magic    | 1 2 3 |  3.4
Poison Magic   | 1 2 3 |  3.4
Crossbows      | 3 4 5 |  5.0
Shields        | 3 4 5 |  5.0
Evocations     | 3 4 5 |  5.0
Fighting       | 5 6 |  6.2

Action                   |  1- 3 |  4- 6 |  7- 9 || total
-------------------------+-------+-------+-------++-------
Melee: Hand crossbow     |       |     9 |       ||     9
       Bite              |       |     7 |    20 ||    27
       Whip              |       |    26 |       ||    26
       Punch             |       |     1 |       ||     1
       Halberd           |       |       |   127 ||   127
 Fire: Hand crossbow     |    68 |   107 |    65 ||   240
Invok: Bend Time         |       |       |     5 ||     5
Evoke: Wand              |       |     4 |       ||     4
  Use: Potion            |     1 |       |     4 ||     5
       Scroll            |       |     2 |    15 ||    17
 Stab: Sleeping          |       |       |     3 ||     3
       Distracted        |       |       |     1 ||     1
       Invisible         |       |       |     4 ||     4
Armor: Robe              |     1 |     5 |       ||     6
       Ring mail         |       |       |    54 ||    54
Dodge: Dodged            |     8 |    33 |   152 ||   193
Block: Other             |     2 |    30 |    43 ||    75
       Reflection        |       |     1 |     3 ||     4
